 Dungeon Crawl Stone Soup version 0.17-a0-1249-g56390e0 (webtiles) character file.

1856178 Demise the Ruinous (level 26, 165/167 HPs)
             Began as a Deep Elf Air Elementalist on June 3, 2015.
             Was the Champion of Vehumet.
             Escaped with the Orb
             ... and 4 runes on June 5, 2015!
             The game lasted 05:44:12 (104195 turns).

Demise the Ruinous (Deep Elf Air Elementalist)    Turns: 104195, Time: 05:44:12

Health: 165/167    AC: 16    Str:  5    XL:     26   Next: 88%
Magic:  28/50      EV: 34    Int: 40    God:    Vehumet [******]
Gold:   3039       SH: 13    Dex: 20    Spells: 15 memorised, 11 levels left

rFire  + . .     SeeInvis .     a - staff of energy
rCold  + + .     Clarity  .     f - +2 robe {rC+ rF+}
rNeg   + . .     SustAt   .     r - +0 shield of Sonock {rN+ Int+4}
rPois  +         Gourm    .     I - +2 helmet {Int+3}
rElec  .         Spirit   .     c - +2 cloak {rC+}
rCorr  .         Warding  .     o - +2 pair of gloves {Dex+3}
rMut   +         Stasis   .     u - +2 pair of boots {Fly}
MR     ++...                    l - amulet of resist mutation
Stlth  ++........               M - ring of poison resistance
                                J - +6 ring of evasion

@: flying, very slightly contaminated, repel missiles, drained, very resistant
to hostile enchantments, unstealthy
A: hooves 1, thin skeletal structure 1, blurry vision 1
a: Renounce Religion, Stop Flying
0: Orb of Zot
}: 4/15 runes: barnacled, slimy, abyssal, gossamer


You escaped.
You worshipped Vehumet.
Vehumet was exalted by your worship.
You were very full.

You visited 11 branches of the dungeon, and saw 58 of its levels.
You visited the Abyss 2 times.
You visited 1 bazaar.
You also visited: Ice Cave and Volcano.

You collected 5972 gold pieces.
You spent 2933 gold pieces at shops.

Inventory:

Hand weapons
 b - a +7 demon trident of electrocution
Armour
 c - a +2 cloak of cold resistance (worn)
 f - a +2 robe of resistance (worn)
 o - a +2 pair of gloves of dexterity (worn)
 r - the +0 shield of Sonock (worn) {rN+ Int+4}
   (You bought it in a shop on level 1 of the Depths)

   It affects your intelligence (+4).
   It protects you from negative energy.
 u - a +2 pair of boots of flying (worn)
 I - a +2 helmet of intelligence (worn)
Magical staves
 a - an uncursed staff of energy (weapon)
Jewellery
 l - an amulet of resist mutation (around neck)
 m - the ring of the Special Gods {rF+ MR+ Str+3 SInv Stlth-}
   (You found it on level 10 of the Dungeon)

   [ring of see invisible]

   It affects your strength (+3).
   It protects you from fire.
   It affects your resistance to hostile enchantments.
   It lets you see invisible.
   It makes you less stealthy.
 n - an uncursed ring of protection from fire
 z - the amulet "Figgedosh" {Clar Dex+4}
   (You found it on level 1 of the Spider Nest)

   [amulet of clarity]

   It provides mental clarity.
   It affects your dexterity (+4).
 A - an uncursed ring of ice
 J - a +6 ring of evasion (left hand)
 M - a ring of poison resistance (right hand)
 N - an uncursed amulet of regeneration
Magical devices
 e - a wand of teleportation (1)
 t - a wand of hasting (0)
 B - a wand of heal wounds (3)
 D - a wand of disintegration (9)
 H - a wand of fire (0)
 X - a wand of cold (11)
Scrolls
 i - a scroll of teleportation
 j - 4 scrolls of fog
 k - 2 scrolls of magic mapping
 v - 4 scrolls of fear
 y - a scroll of blinking
 K - 15 scrolls of remove curse
 O - 11 scrolls of identify
 S - 2 scrolls of holy word
 V - 2 scrolls of amnesia
Potions
 d - 5 potions of invisibility
 h - 5 potions of agility
 p - a potion of heal wounds
 s - 6 potions of might
 w - 6 potions of curing
 x - 2 potions of brilliance
 L - 3 potions of cancellation
 P - a potion of resistance
Miscellaneous
 C - a fan of gales
 R - a phial of floods
Comestibles
 E - 7 meat rations
 F - 6 royal jellies
 Y - a fruit


   Skills:
 * Level 17.4 Fighting
 * Level 16.7 Dodging
 + Level 13.0 Stealth
 - Level 16.0(15.9) Shields
 - Level 21.6 Spellcasting
 - Level 22.3 Conjurations
 - Level 7.0 Charms
 - Level 5.9 Translocations
 - Level 19.5(19.4) Ice Magic
 - Level 12.9 Air Magic
 - Level 12.1(12.0) Evocations


You had 11 spell levels left.
You knew the following spells:

 Your Spells              Type           Power        Failure   Level  Hunger
a - Shock                 Conj/Air       ####         0%          1    None
b - Glaciate              Conj/Ice       ########..   3%          9    None
d - Ignite Poison         Fire/Trmt/Pois #####...     1%          3    None
e - Bolt of Cold          Conj/Ice       ########..   1%          6    None
f - Airstrike             Air            #######...   1%          4    None
g - Fireball              Conj/Fire      #######...   1%          5    None
i - Poisonous Cloud       Conj/Pois/Air  #######...   1%          6    None
j - Regeneration          Chrm/Necr      ######....   1%          3    None
l - Apportation           Tloc           ######....   1%          1    None
n - Swiftness             Chrm/Air       #######.     0%          2    None
o - Orb of Destruction    Conj           ########..   1%          7    None
q - Animate Skeleton      Necr           N/A          1%          1    None
r - Repel Missiles        Chrm/Air       ######       0%          2    None
t - Phase Shift           Tloc           ######....   1%          5    None
u - Blink                 Tloc           N/A          1%          2    None


Dungeon Overview and Level Annotations

Branches:
Dungeon (15/15)            Temple (1/1) D:6            Lair (8/8) D:11
 Shoals (4/4) Lair:3       Spider (4/4) Lair:6        Slime (6/6) Lair:6
    Orc (4/4) D:11            Elf (1/3) Orc:4        Vaults (5/5) D:14
  Crypt (0/3) Vaults:3     Depths (5/5) D:15            Zot (5/5) Depths:5

Altars:
Cheibriados
Dithmenos
Elyvilon
Fedhas
Kikubaaqudgha
Makhleb
Nemelex Xobeh
Okawaru
Ru
Sif Muna
Trog
Vehumet
Yredelemnul
Zin
The Shining One
Beogh
Jiyva

Shops:
D:6 (   D:8 [   D:11 [   Orc:3 *   Orc:4 ([(   Vaults:1 *   Vaults:3 *
Depths:1 [   Depths:2 *   Depths:3 :   Depths:5 }

Portals:
Hell: Depths:1 Depths:2 Depths:3 Depths:4 Depths:5
Abyss: Depths:4
Pandemonium: Depths:3
Ziggurat: Depths:2
Trove: D:15 (give 2 potions of cure mutation)

Annotations:
D:7 exclusion: sky beast
D:10 exclusion: door
D:15 exclusion: orange crystal statue
Vaults:5 AnnoyedKobold's ghost, great GrBe
Zot:1 24 runed doors
Zot:4 exclusion: 4 doors
Zot:5 36 runed doors


Innate Abilities, Weirdness & Mutations

You have large cloven feet.
You have a somewhat thin skeletal structure (Dex +2, Stealth).
Scrolls take you a little longer to read.


Message History

You're wearing all the rings you can.
Remove which one? (? for menu, Esc to cancel) < or
J - a +6 ring of evasion > or
m - the ring of the Special Gods {rF+ MR+ Str+3 SInv Stlth-} You remove the ring of the Special Gods {rF+ MR+ Str+3 SInv Stlth-}.
You are engulfed in poison gas.
You are more poisoned.
You feel sick.
M - a ring of poison resistance (right hand)
You feel sick.
An Ice Fiend comes into view.
Unknown command.
Unknown command.
Drink which item? (? for menu, Esc to quit)
You feel better.
Anupnou comes into view.
Casting: Poisonous Cloud
Confirm with . or Enter, or press ? or * to list all spells.
Okay, then.
You have escaped!

#.#.###.....###.#.##.#####.# #.##
#.#.###.###.###.#........#.###...
......................)..........
#.#.###....#..######...#.#.######
#.#............§§§.......#.......
#..........##♣♣♣§♣♣♣##...########
#######....# ♣§♣ #...# #
#....♣♣♣♣♣§♣♣♣♣♣§..#### #
#.....§§§§@§§§§§§.....#
#....♣♣♣♣♣§♣♣♣♣♣§...#.#
#######....# ♣§♣ #....#.# #
...........##♣♣♣§♣♣♣##....#.# #
########.........&1.......#.# #
..............###.........#.#####
###########.#.#...........#.....'
..# #...#.#.#####...####### #.#
##..#.#.# #...# #


You could see Anupnou.

Vanquished Creatures
  the royal jelly (Slime:6)
  3 ancient liches (Zot:5)
  5 orbs of fire (Zot:5)
  A curse toe (Zot:5)
  A Killer Klown (Zot:5)
  9 golden dragons
  Nikola (Spider:3)
  A pandemonium lord (D:10)
  2 liches
  2 electric golems (Zot:5)
  5 tentacled monstrosities
  Jorgrun (Depths:2)
  A Hell Sentinel (Zot:5)
  24 Orb Guardians
  A quicksilver dragon (Depths:5)
  A Shadow Fiend (D:8)
  5 sphinxes
  A deep elf blademaster (Depths:4)
  4 titans
  27 acid blobs
  An Executioner (Zot:5)
  4 tentacled starspawn
  7 tengu reavers
  8 storm dragons
  Agnes (D:14)
  A thorn hunter (Abyss:3)
  Kirke (Lair:5)
  5 shadow dragons
  3 draconian monks
  12 fire giants
  13 azure jellies
  3 ghost moths
  4 draconian knights
  8 vault wardens
  5 draconian scorchers
  2 deep elf sorcerers
  Aizul (Vaults:4)
  A balrug (Depths:2)
  Louise (Elf:1)
  9 frost giants
  2 emperor scorpions
  2 draconian shifters
  A cacodemon (Depths:1)
  A draconian zealot (Zot:1)
  5 orc warlords
  13 ironheart preservers
  16 stone giants
  5 spriggan defenders
  22 very ugly things
  3 draconian annihilators
  4 war gargoyles
  2 caustic shrike skeletons (Depths:3)
  The ghost of edsrzf the Unseen, a powerful VSCK of Xom (Lair:8)
  5 green draconians
  A lorocyproca (Depths:3)
  A deep elf annihilator (Vaults:5)
  4 deep elf demonologists
  3 vampire knights
  6 purple draconians
  9 black draconians
  A salamander firebrand (Depths:5)
  A chaos champion (Depths:2)
  10 dire elephants
  7 mottled draconians
  5 white draconians
  A red draconian (Zot:4)
  17 yellow draconians
  2 minotaurs (shapeshifter) (Depths:4)
  13 ettins
  7 merfolk javelineers
  15 fire dragons
  A fire dragon (shapeshifter) (Depths:4)
  3 deep elf death magi
  A quicksilver dragon zombie (Depths:3)
  10 great orbs of eyes
  27 vault guards
  7 death oozes (Slime:6)
  8 merfolk impalers
  Josephine (Lair:7)
  2 blizzard demons (IceCv)
  5 jiangshi
  6 death cobs
  A hydra (shapeshifter) (Depths:2)
  13 hydras
  12 yaktaur captains
  3 ice dragons (shapeshifter) (Depths:4)
  17 ice dragons
  A great orb of eyes (shapeshifter) (Depths:4)
  5 entropy weavers
  19 ogre magi
  10 rakshasas
  A monstrous demonspawn (Depths:2)
  8 spriggan air magi
  14 centaur warriors
  Erica (D:9)
  2 merfolk avatars (Shoals:4)
  A catoblepas (D:13)
  2 death knights (Vaults:3)
  5 death yaks
  A vampire mage (Depths:3)
  An anaconda (Lair:8)
  5 dancing weapons
  2 salamander stormcallers
  A queen ant (Lair:8)
  6 tengu warriors
  A spectral fire giant (Depths:3)
  2 merfolk aquamancers (Shoals:4)
  8 orc high priests
  10 deep troll earth magi
  3 satyrs
  2 spriggan berserkers
  11 deep troll shamans
  2 thrashing horrors
  A shock serpent (shapeshifter) (Depths:3)
  2 storm dragon zombies (Depths:3)
  A fire crab (shapeshifter) (D:14)
  Nergalle (Orc:2)
  A titan skeleton (Depths:3)
  A wretched star (Abyss:1)
  6 iron trolls
  2 sun demons (Depths:2)
  5 skeletal warriors
  10 deep elf knights
  2 hell knights (Depths:4)
  3 salamander mystics
  A spatial maelstrom (Abyss:1)
  An unseen horror (Abyss:3)
  10 sea snakes
  33 deep trolls
  4 flayed ghosts
  8 harpies
  A putrid demonspawn (Depths:2)
  A shambling mangrove (Abyss:3)
  7 ice devils
  7 deep elf summoners
  A torturous demonspawn (Depths:2)
  2 ice statues (IceCv)
  4 wizards
  6 giant orange brains
  17 orc knights
  55 ugly things
  8 orb spiders
  A shadow dragon zombie (Depths:3)
  13 hill giants
  10 deep elf conjurers
  2 wolf spider zombies
  15 ironbrand convokers
  3 sphinx zombies (Depths:3)
  A deep troll (shapeshifter) (Depths:2)
  21 wolf spiders
  A salamander (shapeshifter) (Depths:4)
  2 oklob plants (Zot:1)
  4 necromancers
  2 phantasmal warriors
  2 frost giant zombies (Depths:3)
  An anubis guard (shapeshifter) (Depths:4)
  8 hornets
  A faun (shapeshifter) (Depths:4)
  2 shining eyes
  2 wolf spiders (shapeshifter)
  3 orc sorcerers
  21 moths of wrath
  20 cyclopes
  3 salamanders (Depths:5)
  3 fauns
  11 griffons
  A rust devil (Depths:4)
  A manticore (shapeshifter) (Depths:4)
  10 manticores
  4 elephants (Lair:8)
  A hornet (shapeshifter) (Vaults:1)
  9 large abominations
  8 black mambas
  3 centaur zombies
  5 sixfirhies
  2 elf zombies (Depths:3)
  3 water nymphs
  6 sirens
  3 orange demons
  14 vault sentinels
  2 frost giant skeletons (Vaults:2)
  3 naga magi (Depths:4)
  A spiny frog (shapeshifter) (Depths:2)
  3 torpor snails
  14 spiny frogs
  A gargoyle (D:10)
  2 apocalypse crabs
  4 eyes of devastation
  54 yaktaurs
  4 smoke demons
  A tormentor (Abyss:3)
  A hellion (Depths:1)
  5 centaur skeletons
  A human zombie (Vaults:2)
  3 kobold demonologists
  5 komodo dragons
  10 demonic crawlers
  A fire drake (Volcano)
  3 tengu conjurers
  3 ancient zymes
  4 wind drakes
  5 hellwings
  9 blue devils
  5 freezing wraiths
  19 jumping spiders
  A queen bee (shapeshifter) (Depths:4)
  A wolf spider simulacrum (D:14)
  9 deep elf priests
  2 red devils
  28 merfolk
  15 trolls
  43 two-headed ogres
  A polar bear (Lair:4)
  109 slime creatures
  A wind drake (shapeshifter) (Vaults:2)
  5 boulder beetles
  A spriggan zombie (Depths:3)
  20 blink frogs
  10 small abominations
  2 raiju (shapeshifter)
  14 ravens
  A shadow (D:11)
  6 snapping turtles
  15 trapdoor spiders
  2 centaur simulacra (D:15)
  45 redbacks
  6 spriggans
  2 spriggans (shapeshifter)
  Sigmund (D:6)
  9 air elementals
  6 flying skulls (Abyss:3)
  9 water elementals
  4 hogs (Lair:5)
  7 tarantellas
  6 wraiths
  A spriggan simulacrum (Depths:4)
  5 basilisks
  A basilisk (shapeshifter) (Vaults:4)
  60 yaks
  A yak (shapeshifter) (Vaults:2)
  A ynoxinul (Abyss:3)
  16 deep elf magi
  2 golden eyes (Slime:2)
  18 deep elf fighters
  A fire bat (Volcano)
  4 hungry ghosts
  A tarantella (shapeshifter) (Depths:3)
  12 hippogriffs
  A steam dragon (D:13)
  3 wyverns
  A neqoxec (D:11)
  9 wargs
  A human (D:7)
  6 mottled dragons
  12 soldier ants (Lair:8)
  10 vampire mosquitoes
  12 wolves
  A deep troll zombie (Vaults:2)
  17 water moccasins
  12 ice beasts
  8 spiders
  A hydra simulacrum (Depths:4)
  82 orc warriors
  11 porcupines
  A black bear (D:9)
  6 eyes of draining
  3 sky beasts
  A boggart (shapeshifter) (Depths:3)
  2 phantoms
  7 boggarts
  7 wasps
  A necrophage (D:7)
  A fire dragon simulacrum (Depths:4)
  2 human skeletons (Vaults:2)
  16 crocodiles
  20 centaurs
  67 ogres
  Blork the orc (D:3)
  A wyvern zombie (D:10)
  A big kobold (D:9)
  13 giant frogs
  7 earth elementals
  A water moccasin zombie (D:10)
  2 wyvern skeletons
  2 scorpions
  A water moccasin skeleton (D:7)
  11 killer bees
  2 oklob saplings (D:9)
  3 wights (D:11)
  7 electric eels
  A human simulacrum (Vaults:2)
  3 giant frog zombies
  An iron imp (Abyss:1)
  39 orc priests
  11 crimson imps
  14 hounds
  57 jellies
  23 orc wizards
  3 giant frog skeletons
  3 quasits
  2 hell rats (Elf:1)
  16 iguanas
  45 worker ants
  A killer bee zombie (D:11)
  22 sheep
  A hound zombie (D:6)
  A worker ant zombie (D:6)
  8 adders
  48 river rats
  4 shadow imps
  10 white imps (IceCv)
  7 ufetubi
  11 oozes (D:7)
  2 adder zombies (D:6)
  An adder skeleton (D:4)
  3 worms
  9 giant geckos
  335 orcs
  9 ball pythons
  10 bats
  A bat skeleton (D:7)
  5 giant cockroaches
  26 hobgoblins
  17 jackals
  24 kobolds
  5 quokkas
  5 giant newts
  2 gnoll zombies (D:9)
  26 goblins
  2 jackal zombies
  A quokka skeleton (D:5)
  9 rats
  3 blocks of ice
  2 fungi
  7 plants
  A starspawn tentacle (Abyss:3)
2911 creatures vanquished.

Vanquished Creatures (collateral kills)
  A Killer Klown (Zot:5)
  2 tentacled monstrosities
  A lich (Depths:2)
  A titan (Depths:3)
  A sphinx (Depths:3)
  2 shadow dragons
  A fire giant (Vaults:4)
  2 frost giants
  A deep elf sorcerer (Vaults:5)
  3 very ugly things (Depths:3)
  A stone giant (Depths:3)
  A lorocyproca (Depths:4)
  A vampire knight (Depths:2)
  3 ettins (Depths:3)
  A quicksilver dragon skeleton (Depths:3)
  2 ice dragons
  A satyr (shapeshifter) (Depths:3)
  A salamander stormcaller (Vaults:4)
  A vampire mage (Depths:2)
  A golden dragon zombie (Depths:3)
  A shadow wraith (Vaults:4)
  2 deep trolls
  A hill giant (Depths:3)
  An orc knight (Vaults:4)
  2 cyclopes (Depths:3)
  3 ugly things
  A frost giant zombie (Depths:3)
  A small abomination (Vaults:5)
  A komodo dragon (shapeshifter) (Depths:1)
  2 water elementals
  3 worker ants (Lair:8)
  A shadow imp (Depths:1)
  2 crawling corpses (Vaults:5)
49 creatures vanquished.

Vanquished Creatures (others)
  A tengu reaver (Depths:4)
  An ogre mage (Depths:3)
  An ice devil (Zot:5)
  A tengu zombie (Depths:3)
  A moth of wrath (Zot:5)
  A smoke demon (Zot:5)
  A jumping spider (Depths:1)
  A hog (Volcano)
  2 deep elf fighters (Volcano)
  A human (D:7)
  An adder (D:10)
  2 white imps (IceCv)
  An ufetubus (Abyss:1)
  2 orcs (Vaults:5)
  148 blocks of ice
  8 fungi
  20 plants
  11 starspawn tentacles
  69 starspawn tentacle segments
273 creatures vanquished.

Grand Total: 3233 creatures vanquished

Notes
Turn   | Place    | Note
--------------------------------------------------------------
     0 | D:1      | Demise the Deep Elf Air Elementalist began the quest for the Orb.
     0 | D:1      | Reached XP level 1. HP: 10/10 MP: 6/6
   479 | D:1      | Reached XP level 2. HP: 15/15 MP: 5/8
  1136 | D:2      | Reached XP level 3. HP: 19/19 MP: 6/10
  1172 | D:2      | Found a shadowy altar of Dithmenos.
  1379 | D:2      | Learned a level 3 spell: Static Discharge
  1382 | D:2      | Learned a level 2 spell: Swiftness
  2037 | D:3      | Reached skill level 4 in Spellcasting
  2125 | D:2      | Reached XP level 4. HP: 16/24 MP: 8/12
  2520 | D:3      | Reached XP level 5. HP: 28/28 MP: 6/13
  3083 | D:4      | Noticed Blork the orc
  3109 | D:3      | Killed Blork the orc
  3109 | D:3      | Reached skill level 5 in Spellcasting
  3109 | D:3      | Reached XP level 6. HP: 17/32 MP: 5/15
  3577 | D:4      | Reached skill level 5 in Conjurations
  4203 | D:5      | Entered Level 5 of the Dungeon
  4423 | D:5      | Reached XP level 7. HP: 36/36 MP: 11/17
  4723 | D:5      | Reached skill level 6 in Spellcasting
  5127 | D:5      | Reached skill level 5 in Air Magic
  5492 | D:5      | Found a white marble altar of Elyvilon.
  5492 | D:5      | Found a sparkling altar of Nemelex Xobeh.
  5493 | D:5      | Found a glowing silver altar of Zin.
  5885 | D:6      | Found Daschonkaf's Antique Weapon Emporium.
  5939 | D:6      | Reached skill level 7 in Conjurations
  5999 | D:6      | Reached XP level 8. HP: 23/41 MP: 14/20
  6439 | D:6      | Noticed Sigmund
  6451 | D:6      | Killed Sigmund
  6451 | D:6      | Reached skill level 8 in Conjurations
  6503 | D:6      | Found a staircase to the Ecumenical Temple.
  6509 | Temple   | Entered the Ecumenical Temple
  6525 | Temple   | Became a worshipper of Vehumet
  6619 | D:6      | Learned a level 5 spell: Lightning Bolt
  7382 | D:6      | Learned a level 2 spell: Repel Missiles
  7444 | D:7      | Noticed a troll
  7465 | D:7      | Killed a troll
  7465 | D:7      | Reached skill level 1 in Fighting
  7578 | D:7      | Noticed an eight-headed hydra
  7834 | D:7      | Noticed a slime creature
  7839 | D:7      | Acquired Vehumet's first power
  7839 | D:7      | Offered knowledge of Freeze by Vehumet.
  7841 | D:7      | Reached XP level 9. HP: 47/47 MP: 8/23
  7844 | D:7      | Killed a slime creature
  8053 | D:7      | Found an ancient bone altar of Kikubaaqudgha.
  8159 | D:7      | Reached skill level 9 in Conjurations
  8330 | D:7      | Gained mutation: You have a somewhat thin skeletal structure (Dex +2, Stealth). [potion of mutation]
  8333 | D:7      | Killed an eight-headed hydra
  9004 | D:7      | Offered knowledge of Sting by Vehumet.
  9101 | D:8      | Found Obeo's Antique Armour Emporium.
  9141 | D:8      | Bought a shiny helmet for 99 gold pieces
  9146 | D:8      | Bought a cloak for 99 gold pieces
  9520 | D:8      | Reached XP level 10. HP: 51/56 MP: 20/25
  9656 | D:8      | Reached skill level 10 in Spellcasting
  9832 | D:8      | Found a glowing golden altar of the Shining One.
  9832 | D:8      | Found an ancient bone altar of Kikubaaqudgha.
 10063 | D:9      | Found a blossoming altar of Fedhas.
 10309 | D:9      | Offered knowledge of Mephitic Cloud by Vehumet.
 10390 | D:9      | Learned a level 3 spell: Mephitic Cloud
 10465 | D:9      | Reached skill level 10 in Conjurations
 10590 | D:9      | Found a basalt altar of Yredelemnul.
 10645 | D:9      | Acquired Vehumet's second power
 11206 | D:9      | Identified Gimegung's Tome of Nature
 11211 | D:9      | Gained mutation: You have large cloven feet. [potion of beneficial mutation]
 11817 | D:10     | Entered Level 10 of the Dungeon
 12192 | D:10     | Noticed Erica
 12214 | D:9      | Killed Erica
 12214 | D:9      | Reached skill level 5 in Fighting
 12214 | D:9      | Reached skill level 11 in Spellcasting
 12523 | D:10     | Reached XP level 11. HP: 49/64 MP: 26/28
 12542 | D:10     | Offered knowledge of Ignite Poison by Vehumet.
 12556 | D:10     | Learned a level 3 spell: Ignite Poison
 12956 | D:10     | Noticed an ice dragon
 13201 | D:10     | Killed an ice dragon
 13321 | D:10     | Got an ancient jade ring
 13323 | D:10     | Identified the ring of the Special Gods {rF+ MR+ Str+3 SInv Stlth-} (You found it on level 10 of the Dungeon)
 13325 | D:10     | Got an ancient lead ring
 13327 | D:10     | Identified the ring of Viguxkol {rPois Stlth-} (You found it on level 10 of the Dungeon)
 13462 | D:10     | Noticed a hill giant
 13473 | D:10     | Killed a hill giant
 14281 | D:10     | Noticed a hill giant
 14300 | D:10     | Killed a hill giant
 14435 | D:10     | Identified a scroll of acquirement
 14478 | D:10     | Reached skill level 12 in Spellcasting
 15086 | D:11     | Acquired Vehumet's third power
 15090 | D:11     | Reached skill level 10 in Air Magic
 15550 | D:11     | Offered knowledge of Airstrike by Vehumet.
 16225 | D:11     | Found a staircase to the Orcish Mines.
 16225 | D:11     | Found Fobid's Armour Shop.
 16694 | D:11     | Reached XP level 12. HP: 59/71 MP: 12/30
 16891 | D:11     | Found a staircase to the Lair.
 16941 | D:11     | Learned a level 4 spell: Airstrike
 16949 | D:11     | Learned a level 7 spell: Orb of Destruction
 16959 | D:11     | Reached skill level 13 in Spellcasting
 17077 | D:11     | Noticed a hill giant
 17087 | D:11     | Killed a hill giant
 17374 | Lair:1   | Entered Level 1 of the Lair of Beasts
 18526 | Lair:1   | Learned a level 6 spell: Bolt of Cold
 19218 | Lair:2   | Offered knowledge of Sticky Flame by Vehumet.
 19679 | Lair:2   | Noticed a four-headed hydra
 19694 | Lair:2   | Killed a four-headed hydra
 19720 | Lair:2   | Reached skill level 14 in Spellcasting
 21304 | Lair:3   | Found a staircase to the Shoals.
 21833 | Lair:3   | Reached skill level 1 in Ice Magic
 22389 | Lair:3   | Got a twisted leather armour
 22400 | Lair:3   | Identified the +1 leather armour "Ifialaud" {Str+3} (You found it on level 3 of the Lair of Beasts)
 23161 | Lair:4   | Reached XP level 13. HP: 71/78 MP: 23/33
 25079 | Lair:5   | Reached skill level 5 in Dodging
 25628 | Lair:5   | Noticed Kirke
 25868 | Lair:4   | Upgraded the game from 0.17-a0-1204-g9f11d92 to 0.17-a0-1208-g5ea1814
 26224 | Lair:5   | Killed Kirke
 26698 | Lair:6   | Noticed a six-headed hydra
 26702 | Lair:6   | Killed a six-headed hydra
 26702 | Lair:6   | Reached skill level 5 in Ice Magic
 26797 | Lair:6   | Found a staircase to the Slime Pits.
 26798 | Lair:6   | Found a viscous altar of Jiyva.
 26901 | Lair:6   | Found a hole to the Spider Nest.
 27700 | Lair:7   | Noticed Josephine
 27705 | Lair:7   | Killed Josephine
 27769 | Lair:7   | Found a dark tunnel.
 27959 | Volcano  | Entered a volcano
 28661 | Lair:7   | Reached XP level 14. HP: 86/86 MP: 13/34
 30231 | Lair:8   | Entered Level 8 of the Lair of Beasts
 30240 | Lair:8   | Offered knowledge of Poisonous Cloud by Vehumet.
 30809 | Lair:8   | Learned a level 6 spell: Poisonous Cloud
 31160 | Lair:8   | Noticed edsrzf's ghost (powerful VSCK)
 31164 | Lair:8   | Killed edsrzf's ghost
 31597 | Lair:8   | Reached skill level 10 in Fighting
 32640 | D:12     | Offered knowledge of Lee's Rapid Deconstruction by Vehumet.
 33418 | D:12     | Found a blossoming altar of Fedhas.
 35292 | D:13     | Reached skill level 10 in Dodging
 35755 | D:14     | Reached skill level 15 in Conjurations
 36073 | D:14     | Reached XP level 15. HP: 92/92 MP: 25/35
 36933 | D:14     | Noticed Agnes
 36956 | D:14     | Killed Agnes
 37098 | D:14     | Found a gate to the Vaults.
 37469 | D:15     | Entered Level 15 of the Dungeon
 38630 | D:15     | Reached skill level 15 in Spellcasting
 38809 | D:15     | Offered knowledge of Fireball by Vehumet.
 38809 | D:15     | Reached skill level 10 in Ice Magic
 38816 | D:15     | Learned a level 5 spell: Fireball
 38921 | D:15     | Found a white marble altar of Elyvilon.
 39373 | D:15     | Found a portal to a secret trove of treasure.
 39467 | D:15     | Found a staircase to the Depths.
 39974 | Orc:1    | Entered Level 1 of the Orcish Mines
 40431 | Orc:1    | Found a bloodstained altar of Trog.
 40939 | Orc:2    | Noticed Nergalle
 40946 | Orc:2    | Killed Nergalle
 41708 | Orc:3    | Offered knowledge of Conjure Ball Lightning by Vehumet.
 42134 | Orc:3    | Found Ojyf's Assorted Antiques.
 42144 | Orc:3    | Bought a scroll of fog for 66 gold pieces
 42144 | Orc:3    | Bought a potion of haste for 330 gold pieces
 42162 | Orc:3    | Found a roughly hewn altar of Beogh.
 42709 | Orc:4    | Entered Level 4 of the Orcish Mines
 43460 | Orc:4    | Offered knowledge of Bolt of Fire by Vehumet.
 44124 | Orc:4    | Found a roughly hewn altar of Beogh.
 44142 | Orc:4    | Found Plog's Weapon Boutique.
 44173 | Orc:4    | Found Xeineiwi's General Store.
 45247 | Orc:4    | Found Ozil Doa's Antique Armour Boutique.
 45258 | Orc:4    | Offered knowledge of Delayed Fireball by Vehumet.
 45485 | Orc:4    | Learned a level 7 spell: Delayed Fireball
 45515 | Orc:4    | Bought a jewelled cloak for 275 gold pieces
 45526 | Orc:4    | Identified the +2 cloak of the Harvest {rC+ rCorr Str-5} (You bought it in a shop on level 4 of the Orcish Mines)
 45526 | Orc:4    | Lost strength.
 45581 | Orc:4    | Found a roughly hewn altar of Beogh.
 45601 | Orc:4    | Found Taetsual's Weapon Shop.
 46340 | Orc:4    | Reached XP level 16. HP: 69/99 MP: 19/37
 46571 | Orc:4    | Reached skill level 16 in Conjurations
 46840 | Orc:4    | Offered knowledge of Fire Storm by Vehumet.
 46840 | Orc:4    | Offered knowledge of Glaciate by Vehumet.
 46840 | Orc:4    | Offered knowledge of Tornado by Vehumet.
 47057 | Orc:4    | Found a staircase to the Elven Halls.
 47079 | Elf:1    | Entered Level 1 of the Elven Halls
 48263 | Elf:1    | Noticed Louise
 48264 | Elf:1    | Cast into the Abyss (Louise)
 48351 | Abyss:2  | Found a corrupted altar of Lugonu.
 48434 | Abyss:2  | Found a corrupted altar of Lugonu.
 48480 | Elf:1    | Escaped the Abyss
 48515 | Elf:1    | Killed Louise
 49779 | Spider:1 | Entered Level 1 of the Spider Nest
 50743 | Spider:1 | Got a bound graven amulet
 50744 | Spider:1 | Identified the amulet "Figgedosh" {Clar Dex+4} (You found it on level 1 of the Spider Nest)
 50991 | Spider:1 | Reached skill level 17 in Spellcasting
 53431 | Spider:3 | Reached skill level 1 in Evocations
 53436 | Spider:3 | Noticed Nikola
 53552 | Spider:3 | Gained mutation: You are robust (+10% HP). [potion of beneficial mutation]
 53620 | Spider:3 | Killed Nikola
 53620 | Spider:3 | Reached skill level 1 in Shields
 54158 | Spider:4 | Entered Level 4 of the Spider Nest
 54161 | Spider:4 | Found a frozen archway.
 54216 | IceCv    | Entered an ice cave
 54810 | IceCv    | Reached XP level 17. HP: 114/114 MP: 21/40
 56902 | Spider:4 | Got a gossamer rune of Zot
 56903 | Spider:4 | eeaaaaaasiest rune ever
 57080 | Shoals:1 | Entered Level 1 of the Shoals
 57133 | Shoals:1 | Got a bloodstained robe
 57163 | Lair:3   | Identified the +1 robe of the Sparrow {rElec rF+++ rC- Dex+4} (You found it on level 1 of the Shoals)
 58906 | Shoals:2 | Reached skill level 5 in Shields
 58950 | Shoals:2 | Reached skill level 5 in Evocations
 61455 | Shoals:4 | Entered Level 4 of the Shoals
 62754 | Shoals:4 | Reached XP level 18. HP: 104/123 MP: 3/41
 62969 | Shoals:4 | Got a barnacled rune of Zot
 63505 | Vaults:1 | Entered Level 1 of the Vaults
 63942 | Vaults:1 | You are sucked into a shaft!
 64598 | Vaults:1 | Found a snail-covered altar of Cheibriados.
 65509 | Vaults:1 | Found Dycwukly's General Store.
 65517 | Vaults:1 | Bought a potion of curing for 42 gold pieces
 65517 | Vaults:1 | Bought a scroll of teleportation for 42 gold pieces
 65517 | Vaults:1 | Bought a scroll of teleportation for 42 gold pieces
 67411 | Vaults:2 | Reached skill level 18 in Conjurations
 70621 | Vaults:3 | Reached XP level 19. HP: 120/129 MP: 35/42
 70628 | Vaults:3 | Reached skill level 10 in Evocations
 71056 | Vaults:3 | Found a staircase to the Crypt.
 71477 | Vaults:3 | Upgraded the game from 0.17-a0-1208-g5ea1814 to 0.17-a0-1230-g8afc29e
 71658 | Vaults:3 | Learned a level 9 spell: Glaciate
 71853 | Vaults:3 | Found Sety's Assorted Antiques.
 72358 | Vaults:3 | Bought a glowing brass wand for 120 gold pieces
 72358 | Vaults:3 | Bought a glass ring for 150 gold pieces
 72358 | Vaults:3 | Bought a scroll of identify for 60 gold pieces
 72358 | Vaults:3 | Bought a scroll of identify for 60 gold pieces
 72794 | Vaults:3 | Cast into the Abyss (a deep elf sorcerer)
 74066 | Abyss:3  | Reached skill level 19 in Conjurations
 74237 | Abyss:3  | Got an abyssal rune of Zot
 74649 | Abyss:3  | Reached skill level 15 in Ice Magic
 74875 | Vaults:3 | Escaped the Abyss
 74900 | Vaults:3 | Reached XP level 20. HP: 138/138 MP: 11/43
 76088 | Vaults:3 | Upgraded the game from 0.17-a0-1230-g8afc29e to 0.17-a0-1243-ga8db1df
 76283 | Vaults:4 | Found a flickering gateway to a bazaar.
 76299 | Bazaar   | Entered a bazaar
 76303 | Bazaar   | Found Niameim's Jewellery Boutique.
 76323 | Bazaar   | Bought an uncursed ring of protection from fire for 250 gold pieces
 76323 | Bazaar   | Bought an uncursed amulet of resist corrosion for 200 gold pieces
 76335 | Bazaar   | Found Qoppihime's Antique Weapon Emporium.
 76352 | Bazaar   | Found Neuhipn's Book Boutique.
 76357 | Bazaar   | Bought a book of Necromancy for 330 gold pieces
 76357 | Bazaar   | Bought a book of Cantrips for 220 gold pieces
 76359 | Bazaar   | Learned a level 1 spell: Animate Skeleton
 76361 | Bazaar   | Learned a level 1 spell: Apportation
 76373 | Bazaar   | Found Gyptyrudu's Antique Weapon Shoppe.
 76412 | Vaults:4 | Learned a level 3 spell: Regeneration
 76557 | Vaults:4 | Reached skill level 1 in Charms
 76717 | Vaults:4 | Reached skill level 1 in Translocations
 78014 | Vaults:4 | Noticed Aizul
 78018 | Vaults:4 | Killed Aizul
 78248 | Vaults:4 | Reached skill level 5 in Charms
 78739 | Vaults:3 | Reached skill level 5 in Translocations
 79090 | Depths:1 | Entered Level 1 of the Depths
 79090 | Depths:1 | Found Anituk's Armour Shop.
 79840 | Depths:1 | Found a gateway to Hell.
 79949 | Depths:1 | Reached skill level 20 in Conjurations
 80350 | Depths:1 | Bought the cursed +0 shield of Sonock {rN+ Int+4} for 464 gold pieces
 80413 | Depths:1 | Reached XP level 21. HP: 106/144 MP: 28/44
 81502 | Depths:2 | Paralysed by something for 3 turns
 81826 | Depths:2 | Noticed Jorgrun
 81984 | Depths:1 | Upgraded the game from 0.17-a0-1243-ga8db1df to 0.17-a0-1249-g56390e0
 81991 | Depths:2 | Killed Jorgrun
 82048 | Depths:2 | Found Xeniobb's General Store.
 82055 | Depths:2 | Bought a scroll of identify for 42 gold pieces
 82055 | Depths:2 | Bought a scroll of identify for 42 gold pieces
 83470 | Depths:2 | Found a gateway to a ziggurat.
 83492 | Depths:2 | Gained mutation: Scrolls take you a little longer to read. [a cacodemon]
 84938 | Depths:3 | Reached XP level 22. HP: 82/149 MP: 11/46
 85098 | Depths:3 | Identified Axziem's Handbook of Black Rituals
 85226 | Depths:3 | Found Koiqimev's Book Shoppe.
 85227 | Depths:3 | Found a one-way gate leading to the halls of Pandemonium.
 86408 | Depths:3 | Reached skill level 10 in Shields
 86408 | Depths:3 | Reached skill level 21 in Conjurations
 88160 | Depths:4 | Learned a level 2 spell: Blink
 89391 | Depths:4 | Found a one-way gate to the infinite horrors of the Abyss.
 90042 | Depths:4 | Reached XP level 23. HP: 155/155 MP: 28/48
 90139 | Depths:5 | Entered Level 5 of the Depths
 90139 | Depths:5 | Found Sumap's Gadget Shoppe.
 90596 | Depths:5 | Learned a level 5 spell: Phase Shift
 91473 | Depths:5 | Found a gate to the Realm of Zot.
 92289 | Slime:1  | Entered Level 1 of the Pits of Slime
 93116 | Slime:6  | Entered Level 6 of the Pits of Slime
 93143 | Slime:6  | Noticed the royal jelly
 93149 | Slime:6  | Killed the royal jelly
 93149 | Slime:6  | Reached XP level 24. HP: 127/161 MP: 10/50
 93207 | Slime:6  | Reached skill level 22 in Conjurations
 93651 | Slime:6  | Got a slimy rune of Zot
 94404 | Vaults:5 | Entered Level 5 of the Vaults
 94451 | Vaults:5 | Noticed AnnoyedKobold's ghost (great GrBe)
 94617 | Vaults:3 | Lost mutation: You are robust (+10% HP). [mutagenic glow]
 95649 | Zot:1    | Entered Level 1 of the Realm of Zot
 95997 | Zot:1    | Identified the Reference Book on Poisoning
 95998 | Zot:1    | Found a huge runed gate.
 95998 | Zot:1    | Found a huge runed gate.
 95999 | Zot:1    | Found a huge runed gate.
 95999 | Zot:1    | Found a huge runed gate.
 95999 | Zot:1    | Found a huge runed gate.
 96330 | Zot:1    | Reached skill level 5 in Stealth
 96725 | Zot:1    | Reached skill level 15 in Shields
 96739 | Zot:1    | Reached XP level 25. HP: 149/153 MP: 10/50
 97589 | Zot:1    | Found a huge runed gate.
 97589 | Zot:1    | Found a huge runed gate.
 97589 | Zot:1    | Found a huge runed gate.
 97589 | Zot:1    | Found a huge runed gate.
 97589 | Zot:1    | Found a huge runed gate.
 97589 | Zot:1    | Found a huge runed gate.
 97589 | Zot:1    | Found a huge runed gate.
 98056 | Zot:1    | Found a huge runed gate.
 98058 | Zot:1    | Found a huge runed gate.
 98060 | Zot:1    | Found a huge runed gate.
 98060 | Zot:1    | Found a huge runed gate.
 98060 | Zot:1    | Found a huge runed gate.
 98060 | Zot:1    | Found a huge runed gate.
 98331 | Zot:1    | Found a huge runed gate.
 98331 | Zot:1    | Found a huge runed gate.
 98331 | Zot:1    | Found a huge runed gate.
 98331 | Zot:1    | Found a huge runed gate.
 98331 | Zot:1    | Found a huge runed gate.
 98331 | Zot:1    | Found a huge runed gate.
 98793 | Zot:2    | Reached skill level 15 in Fighting
100329 | Zot:5    | Entered Level 5 of the Realm of Zot
100536 | Zot:5    | Found a huge runed gate.
100536 | Zot:5    | Found a huge runed gate.
100536 | Zot:5    | Found a huge runed gate.
100536 | Zot:5    | Found a huge runed gate.
100537 | Zot:5    | Found a huge runed gate.
100544 | Zot:5    | Found a huge runed gate.
100544 | Zot:5    | Found a huge runed gate.
100545 | Zot:5    | Found a huge runed gate.
100545 | Zot:5    | Found a huge runed gate.
100551 | Zot:5    | Found a huge runed gate.
100552 | Zot:5    | Found a huge runed gate.
100554 | Zot:5    | Found a huge runed gate.
100554 | Zot:5    | Found a huge runed gate.
100560 | Zot:5    | Found a huge runed gate.
100561 | Zot:5    | Found a huge runed gate.
100561 | Zot:5    | Found a huge runed gate.
100561 | Zot:5    | Found a huge runed gate.
100562 | Zot:5    | Found a huge runed gate.
100562 | Zot:5    | Found a huge runed gate.
100563 | Zot:5    | Found a huge runed gate.
100570 | Zot:5    | Found a huge runed gate.
100570 | Zot:5    | Found a huge runed gate.
100570 | Zot:5    | Found a huge runed gate.
100570 | Zot:5    | Found a huge runed gate.
100575 | Zot:5    | Found a huge runed gate.
100575 | Zot:5    | Found a huge runed gate.
100575 | Zot:5    | Found a huge runed gate.
100575 | Zot:5    | Found a huge runed gate.
100575 | Zot:5    | Found a huge runed gate.
100582 | Zot:5    | Found a huge runed gate.
100582 | Zot:5    | Found a huge runed gate.
100582 | Zot:5    | Found a huge runed gate.
100582 | Zot:5    | Found a huge runed gate.
100592 | Zot:5    | Found a huge runed gate.
100592 | Zot:5    | Found a huge runed gate.
100592 | Zot:5    | Found a huge runed gate.
101211 | Zot:5    | Noticed an ancient lich
101591 | Zot:5    | Reached skill level 10 in Stealth
101596 | Zot:5    | Killed an ancient lich
101841 | Zot:5    | Reached XP level 26. HP: 163/163 MP: 16/50
101873 | Zot:5    | Noticed an orb of fire
101888 | Zot:5    | Killed an orb of fire
102066 | Zot:5    | Noticed an orb of fire
102079 | Zot:5    | Noticed an orb of fire
102085 | Zot:5    | Killed an orb of fire
102085 | Zot:5    | Killed an orb of fire
102609 | Zot:5    | Noticed an orb of fire
102618 | Zot:5    | Reached skill level 15 in Dodging
102688 | Zot:5    | Noticed an ancient lich
102728 | Zot:5    | Killed an orb of fire
102929 | Zot:5    | Noticed an ancient lich
102934 | Zot:5    | Killed an ancient lich
103207 | Zot:5    | Got the Orb of Zot
103271 | Zot:5    | Killed an ancient lich
103298 | Zot:5    | Noticed an orb of fire
103303 | Zot:5    | Killed an orb of fire
103854 | D:10     | Noticed Amuwearph the pandemonium lord
103865 | D:10     | Killed Amuwearph the pandemonium lord
103874 | D:10     | Noticed Xeuskug the pandemonium lord
104005 | D:8      | Noticed Ojirel the pandemonium lord
104194 | D:1      | Noticed Anupnou the pandemonium lord
104195 | D:$      | Escaped with the Orb!

Vault maps used:
D:1:      scummos_arrival_forest
D:2:      grunt_dithmenos_smoke_and_mirrors
D:4:      uniq_blork_the_orc
D:5:      gammafunk_temple_overflow_claw, first_bread, supply_closet_lemuel,
          minmay_joined_circles
D:6:      kennysheep_six_static_rooms, minmay_temple_entry_grid, serial_shops,
          nicolae_shop_trees, uniq_sigmund
D:7:      lemuel_slime, grunt_livestock, tgw_kikubaaqudgha
D:8:      gammafunk_temple_overflow_wave, serial_shops, nicolae_shop_crystal
D:9:      lemuel_zombie_altar_yredelemnul, introduction_to_nature_2
D:10:     dragon1_lemuel, serial_bayou, serial_bayou_pond_e,
          serial_bayou_ford_a, serial_bayou_pond_b, serial_bayou_pond_d,
          uniq_erica
D:11:     erik_lair_island, orc_david_3, library_closet, uniq_psyche
D:12:     fedhas_altar_3
D:13:     hangedman_cracks_in_the_wall
D:14:     erik_vaults_1, uniq_agnes
D:15:     hangedman_depths_entry_try_elsewhere_first, elyvilon_altar_1,
          enter_trove_1, hangedman_decor_peaks_small, minmay_statue_bubble
Temple:   circular_temple_pool_12
Lair:2:   guppyfry_lair_drakes, grunt_megastairs_3
Lair:3:   minmay_shoals_entry_lonely_mermaid
Lair:5:   uniq_kirke
Lair:6:   spider_nest_entry_rubble, slime_altar_1, infiniplex_staircase_pool
Lair:7:   lightli_volcano_entry_magma_tube, st_stairs_11, grunt_megastairs_2,
          uniq_josephine
Lair:8:   due_jungle_book, nicolae_lair_grove_arrangements, zaba_anthell
Shoals:4: shoals_end_simple, shoals_ilsuiw_alternative
Spider:3: uniq_nikola
Spider:4: spider_rune_water, portal_ice_cave_entry_ice_beasts
Slime:4:  nicolae_slime_jelly_donut, nicolae_slime_phagocytosis
Orc:1:    trog_butcher_becter
Orc:2:    uniq_nergalle, uniq_maud, uniq_fannar
Orc:3:    basic_altar, serial_shops, nicolae_shop_overgrown_old_shop,
          nicolae_orc_pool_cavern
Orc:4:    pubby_orc_utopia, serial_shops
Elf:1:    elf_arrival_002, minivault_28, uniq_louise
Vaults:1: vaults_mumra_bighexcomb, nicolae_vaults_disjoint_gnomons, v_misc_25,
          v_misc_15, vaults_mumra_hexcomb, v_misc_3, v_alt_pattern_6,
          nicolae_vaults_little_squares_2, basic_altar, serial_shops, shop
Vaults:2: v_rooms_2, nicolae_vaults_circle_grid_a, hangedman_vaults_capsules,
          vaults_standard_mumra_enter_the_diamond, vaults_room_hallway,
          ontoclasm_vaults_shuriken, nicolae_vaults_mini_display_case,
          vaults_room_hangedman_quadrants
Vaults:3: hangedman_vaults_nodes, v_pattern_1, vaults_mumra_minichess_inversion,
          v_misc_26, blue_anna_dwarven_crypt, nicolae_vaults_diagonal_hallway_9,
          serial_shops, nicolae_shop_overgrown_old_shop
Vaults:4: vaults_dpeg_ring, grunt_vaults_bifocal, grunt_vaults_trifunnel,
          nicolae_vaults_alarming, nicolae_vaults_little_squares_3, v_misc_12,
          v_misc_9, nicolae_vaults_little_squares_2, nicolae_vaults_asterisk,
          v_alt_pattern_6, v_alt_pattern_6, ontoclasm_vaults_twist,
          serial_shops, bzr_entry_gold, uniq_aizul
Depths:1: serial_shops, shop, hell_entry, grunt_ministairs_3, patterned_corridor
Depths:2: hangedman_cross_cluster, enter_ziggurat_c, fountainhead, serial_shops,
          kennysheep_little_box, lightli_too_deep, uniq_jorgrun
Depths:3: lemuel_castle_with_subvaults, serial_shops, shop, special_room,
          serial_sigils_hangedman_clutch, pan_entry, hell_entry,
          basic_stair_grate_trap, infiniplex_staircase_spiral_double
Depths:4: hangedman_crystal_crosses_colossus, abyss_entry, hell_entry
Depths:5: evilmike_zot_entry_diamond, serial_shops, shop, hell_entry,
          serial_sigils_hangedman_stare
Zot:1:    lemuel_acid_trip, door_vault
Zot:2:    st_stairs_5
Zot:3:    hangedman_zot_decor_slant
Zot:4:    minmay_elemental_castle, grunt_ministairs_3
Zot:5:    door_vault, basic_stair_grate_trap
Abyss:1:  evilmike_abyss_exit_glass, bh_abyss_exit_grid
Abyss:2:  evilmike_abyss_exit_vortex, evilmike_abyss_exit_12
Abyss:3:  hangedman_cross_veins, evilmike_abyss_rune_elephants
Bazaar:   bazaar_jpeg_circle_common
IceCv:    ice_cave_small_demon
Volcano:  volcano_village

Action                   |  1- 3 |  4- 6 |  7- 9 | 10-12 | 13-15 | 16-18 | 19-21 | 22-24 | 25-27 || total
-------------------------+-------+-------+-------+-------+-------+-------+-------+-------+-------++-------
Melee: Whip              |     2 |    20 |     2 |       |       |       |       |       |       ||    24
       Dagger            |    34 |     5 |       |   121 |    67 |    14 |       |       |       ||   241
       Short sword       |       |       |    25 |       |       |       |       |       |       ||    25
       Staff             |       |       |       |    16 |    25 |    15 |    17 |    10 |     2 ||    85
       Demon trident     |       |       |       |       |       |       |    68 |    15 |     4 ||    87
 Cast: Shock             |    74 |    99 |   218 |   324 |   393 |    44 |    60 |     1 |     1 ||  1214
       Lightning Bolt    |       |       |    11 |    72 |       |       |       |       |       ||    83
       Repel Missiles    |       |       |     1 |     1 |     1 |     1 |     7 |     3 |     2 ||    16
       Static Discharge  |       |       |     6 |    50 |       |       |       |       |       ||    56
       Mephitic Cloud    |       |       |       |    91 |    66 |     8 |       |       |       ||   165
       Ignite Poison     |       |       |       |    63 |    62 |    48 |    65 |    20 |     2 ||   260
       Bolt of Cold      |       |       |       |    19 |   310 |   497 |   376 |   309 |   156 ||  1667
       Orb of Destructio |       |       |       |     8 |    59 |    66 |   116 |   101 |   123 ||   473
       Airstrike         |       |       |       |     2 |    61 |    34 |    87 |    17 |    10 ||   211
       Poisonous Cloud   |       |       |       |       |   135 |   158 |   163 |    73 |    16 ||   545
       Swiftness         |       |       |       |       |     2 |       |       |       |       ||     2
       Fireball          |       |       |       |       |     2 |    62 |    10 |    11 |     3 ||    88
       Delayed Fireball  |       |       |       |       |     1 |       |       |       |       ||     1
       Animate Skeleton  |       |       |       |       |       |       |    60 |    85 |    20 ||   165
       Glaciate          |       |       |       |       |       |       |    13 |    75 |    42 ||   130
       Regeneration      |       |       |       |       |       |       |     6 |    14 |    19 ||    39
       Blink             |       |       |       |       |       |       |       |     5 |     9 ||    14
       Phase Shift       |       |       |       |       |       |       |       |     3 |     7 ||    10
       Apportation       |       |       |       |       |       |       |       |       |    12 ||    12
 Abil: Evoke Flight      |       |       |       |       |       |       |     1 |       |       ||     1
Evoke: Wand              |       |       |     6 |     6 |     4 |    16 |    10 |     5 |     5 ||    52
       Staff of energy   |       |       |       |       |     1 |    45 |   313 |   183 |   142 ||   684
       Deck              |       |       |       |       |       |       |     1 |       |       ||     1
       Fan of gales      |       |       |       |       |       |       |     2 |     2 |     1 ||     5
       Phial of floods   |       |       |       |       |       |       |       |     2 |     3 ||     5
  Use: Scroll            |     3 |     6 |     7 |    14 |    15 |    23 |    23 |    15 |     8 ||   114
       Potion            |     2 |     3 |     1 |     4 |     5 |     3 |    13 |     4 |    13 ||    48
 Stab: Sleeping          |     1 |     3 |     1 |     4 |       |       |       |       |       ||     9
       Confused          |       |       |       |     2 |       |       |       |       |       ||     2
  Eat: Chunk             |     2 |       |     2 |    12 |    31 |    19 |    28 |    15 |     5 ||   114
       Bread ration      |     1 |       |     1 |     6 |     6 |     4 |     2 |     2 |     4 ||    26
       Meat ration       |       |     1 |     2 |     1 |     1 |     5 |     6 |     3 |     2 ||    21
       Beef jerky        |       |       |       |     2 |     5 |     4 |     1 |     3 |     1 ||    16
       Pizza             |       |       |       |     3 |     1 |     2 |       |     5 |       ||    11
       Fruit             |       |       |       |       |     1 |     6 |       |       |     1 ||     8
       Royal jelly       |       |       |       |       |       |       |       |     1 |       ||     1
